 Dungeon Crawl Stone Soup version 0.27-a0-789-g6bb3289e1e (webtiles) character file.

Game seed: 7816067526509466285

4151 shoop the Magician (level 10, -12/73 HPs)
             Began as a Djinni Fire Elementalist on Mar 26, 2021.
             Was an Initiate of Ashenzari.
             Mangled by a two-headed ogre
             ... wielding a +0 giant club
              (15 damage)
             ... on level 9 of the Dungeon.
             The game lasted 00:26:27 (10086 turns).

shoop the Magician (Djinni Fire Elementalist)      Turns: 10086, Time: 00:26:28

Health: -12/73     AC:  9    Str: 10    XL:     10   Next: 27%
Gold:   470        EV: 12    Int: 17    God:    Ashenzari [......] SH:  0 Dex: 14

rFire    + + +     SeeInvis .   n - +1 hand axe (distort)
rCold    x . .     Faith    .   (no shield)
rNeg     . . .     Spirit   .   B - +2 robe {Will+}
rPois    ∞         Reflect  .   h - +0 helmet "At What Cost Knowledge?" {Range, Fort} (curse)
rElec    .         Harm     .   (no cloak)
rCorr    .         Rampage  .   (no gloves)
Will     ++...                  (boots unavailable)
Stlth    ++........             (no amulet)
HPRegen  0.22/turn              i - +4 ring of protection
MPRegen  0.00/turn              p - ring of protection from fire

@: flying
A: fire resistance 2, cold vulnerability 1, float, innate caster, hp casting,
extra vitality 1
a: Renounce Religion, Shatter the Chains


You were on level 9 of the Dungeon.
You worshipped Ashenzari.
Ashenzari was noncommittal.
You visited 2 branches of the dungeon, and saw 10 of its levels.

You collected 470 gold pieces.

Inventory:

Hand Weapons
 d - a +0 short sword
 n - a +1 hand axe of distortion (weapon)
 A - a +0 scimitar of flaming
Armour
 a - a +0 robe
 h - the cursed +0 helmet "At What Cost Knowledge?" (worn) {Range, Fort}
   (You found it on level 3 of the Dungeon)

   It has a curse which improves the following skills: Ranged Combat: Slings,
   Bows, Crossbows and Throwing.
   Fortitude: Armour and Shields.
 t - the +8 plate armour of Fashionability {rF- Int+4}
   (You found it on level 6 of the Dungeon)

   It affects your intelligence (+4).
   It makes you vulnerable to fire.
 B - a +2 robe of willpower (worn)
Jewellery
 i - a +4 ring of protection (right hand)
 p - a ring of protection from fire (left hand)
 s - a ring of magical power
Wands
 k - a wand of iceblast (14)
 m - a wand of digging (8)
 D - a wand of random effects (18)
Scrolls
 b - 2 scrolls of amnesia
 c - a scroll of enchant weapon
 f - 3 scrolls of vulnerability
 g - 2 scrolls of identify
 l - 2 scrolls of teleportation
 r - a scroll of summoning
 w - 2 scrolls of blinking
 x - a scroll of fear
 y - a scroll of silence
 z - a scroll of magic mapping
 C - a scroll of enchant armour
Potions
 e - a potion of curing
 j - a potion of attraction
 o - 2 potions of mutation
 q - a potion of brilliance
 u - 2 potions of magic
 v - a potion of haste


   Skills:
 + Level 6.5 Fighting
 * Level 7.3 Axes
 - Level 3.0(3.4) Armour
 - Level 2.1 Dodging
 - Level 1.5 Stealth
 - Level 7.5 Spellcasting
 - Level 3.0 Evocations


You couldn't memorise any spells.
You knew the following spells:

 Your Spells              Type           Power      Damage    Failure   Level
a - Foxfire               Conj/Fire      100%       2x1d9     1%          1
b - Conjure Flame         Conj/Fire      32%        6-21      1%          3
c - Inner Flame           Hex/Fire       32%        N/A       1%          3
d - Sticky Flame          Conj/Fire      32%        2d5       4%          4
e - Fireball              Conj/Fire      16%        3d8       14%         5
f - Beastly Appendage     Tmut           64%        N/A       1%          1
g - Ensorcelled Hibernat  Hex/Ice        64%        N/A       1%          2
h - Tukima's Dance        Hex            32%        N/A       1%          3
i - Frozen Ramparts       Ice            64%        1d8       1%          3
Your spell library was empty.

Dungeon Overview and Level Annotations

Branches:
Dungeon (9/15)             Temple (1/1) D:7
   Lair: D:8-11         Orc: D:9-12

Altars:
Ashenzari
Cheibriados
Dithmenos
Elyvilon
Fedhas
Gozag
Hepliaklqana
Kikubaaqudgha
Makhleb
Nemelex Xobeh
Okawaru
Qazlal
Ru
Sif Muna
Trog
Uskayaw
Vehumet
Wu Jian
Xom
Yredelemnul
Zin
The Shining One

Portals:
Bailey: D:9

Annotations:
D:2 Sigmund
D:6 2 transporters


Innate Abilities, Weirdness & Mutations

You are immune to poison.
Your flesh is very heat resistant. (rF++)
You are vulnerable to cold. (rC-)
You float through the air rather than walking.
You learn spells naturally, not from books.
Your magical power is your life essence.
You have superior vitality. (+4 HP)


Message History

Casting: Tukima's Dance (safe; 1% risk of failure)
Confirm with . or Enter, or press ? or * to list all spells.
Aiming: Tukima's Dance (safe; 1% risk of failure)
Press: ? - help, Shift-Dir - straight line, f/p - two-headed ogre
Aim: a two-headed ogre, wielding a +0 giant club (ally target, chance to affect: 54%)
The two-headed ogre resists with significant effort.
Unknown command.
You hit the two-headed ogre but do no damage.
The two-headed ogre blinks!
You hit the two-headed ogre but do no damage.
The two-headed ogre blinks!
Casting: Tukima's Dance (safe; 1% risk of failure)
Confirm with . or Enter, or press ? or * to list all spells.
Aiming: Tukima's Dance (safe; 1% risk of failure)
Press: ? - help, Shift-Dir - straight line, f/p - two-headed ogre
Aim: a two-headed ogre, wielding a +0 giant club (ally target, chance to affect: 54%)
The two-headed ogre resists with significant effort.
You slash the two-headed ogre!
The two-headed ogre is lightly wounded.
You hit the two-headed ogre.
Space bends around the two-headed ogre.
The two-headed ogre is lightly wounded.
The two-headed ogre hits you with a +0 giant club!
The two-headed ogre hits you with a +0 giant club!!
* * * LOW HITPOINT WARNING * * *
You hear a shout! x2
You hear a shout!
Your +0 giant spiked club hits the two-headed ogre!!
Okay, then.
Unknown command.
Unknown command.
Aiming: Iceblast
Press: ? - help, Shift-Dir - straight line, p - two-headed ogre The mass of ice explodes!
The iceblast engulfs the two-headed ogre!
The two-headed ogre is almost dead.
You hear an angry buzzing noise. x4
The two-headed ogre hits you with a +0 giant club!
* * * LOW HITPOINT WARNING * * *
The two-headed ogre hits you with a +0 giant club!
You die...

#...# ...# #...# ...#
#...# ...# #...###...#
#...##....###
#.....g......# #..
#....≈≈≈≈≈≈≈.# ##..#
#...(≈##.##≈.# ...#
#@O..≈# g.# .. #..#
#....≈# ∩.# . .# #..#
#....≈# .# ... #..#
#....≈##### )P..
#..####....≈≈≈≈≈≈ .....
#................
...)))#.<####.........#
....))...# #.........#
...)###§.# #.........#


You could see a two-headed ogre (ally target), a goblin and a friendly +0 giant
spiked club.

Vanquished Creatures
  Erica (D:8)
  Grinder (D:4)
  2 wargs (D:9)
  A water moccasin (D:8)
  An orc warrior (D:9)
  A necrophage (D:4)
  5 centaurs
  2 ogres
  A phantom (D:5)
  3 kobold brigands
  A bullfrog (D:7)
  2 water moccasin zombies
  A scorpion (D:3)
  3 killer bees (D:8)
  A howler monkey (D:5)
  2 jellies
  4 hounds
  A bullfrog skeleton (D:5)
  A gnoll shaman (D:8)
  4 orc priests
  A centaur skeleton (D:4)
  Jessica (D:2)
  Natasha (twice) (D:2)
  An iguana (D:7)
  3 orc wizards
  A howler monkey zombie (D:7)
  14 gnolls
  7 adders
  A howler monkey skeleton (D:6)
  A river rat (D:5)
  A shadow imp (D:6)
  A white imp (D:6)
  3 ufetubi
  3 dart slugs
  3 worms
  3 orcs
  3 ball pythons
  4 bats
  5 endoplasms
  3 giant cockroaches
  39 goblins
  19 hobgoblins
  10 jackals (D:1)
  21 kobolds
  3 quokkas
  A frilled lizard (D:1)
  7 rats
  A butterfly (D:7)
200 creatures vanquished.

Vanquished Creatures (collateral kills)
  A two-headed ogre (D:8)
  A centaur (D:8)
2 creatures vanquished.

Vanquished Creatures (others)
  A dancing weapon (D:8)
  484 foxfires
485 creatures vanquished.

Grand Total: 687 creatures vanquished

Notes
Turn   | Place    | Note
-------+----------+-------------------------------------------
     0 | D:1      | shoop the Djinni Fire Elementalist began the quest for the
                  | Orb.
     0 | D:1      | Reached XP level 1. HP: 15/15 MP: 0/0
   211 | D:1      | Reached XP level 2. HP: 20/21 MP: 0/0
   413 | D:1      | Reached XP level 3. HP: 11/25 MP: 0/0
   413 | D:1      | Learned a level 1 spell: Beastly Appendage
  1134 | D:2      | Noticed Jessica
  1140 | D:2      | Killed Jessica
  1141 | D:2      | Reached XP level 4. HP: 27/31 MP: 0/0
  1213 | D:2      | Noticed Natasha
  1226 | D:2      | Killed Natasha
  1632 | D:2      | Found a hide-covered altar of Uskayaw.
  1723 | D:2      | Noticed Natasha
  1739 | D:2      | Killed Natasha
  1740 | D:2      | Reached XP level 5. HP: 7/35 MP: 0/0
  1740 | D:2      | Learned a level 2 spell: Ensorcelled Hibernation
  2000 | D:2      | Noticed Sigmund
  2048 | D:2      | Found a broken altar of Ashenzari.
  2610 | D:3      | Reached skill level 5 in Spellcasting
  3100 | D:3      | Found a blossoming altar of Fedhas.
  3279 | D:3      | Reached XP level 6. HP: 36/40 MP: 0/0
  3603 | D:4      | Noticed a necrophage
  3607 | D:4      | Killed a necrophage
  3783 | D:4      | Noticed Grinder
  3798 | D:4      | Killed Grinder
  3799 | D:4      | Reached skill level 1 in Fighting
  3799 | D:4      | Reached skill level 1 in Axes
  3799 | D:4      | Reached XP level 7. HP: 26/47 MP: 0/0
  3799 | D:4      | Learned a level 3 spell: Tukima's Dance
  4227 | D:5      | Entered Level 5 of the Dungeon
  4495 | D:5      | Found an iron altar of Okawaru.
  4571 | D:5      | Found a glowing drain.
  4986 | D:5      | Reached XP level 8. HP: 51/55 MP: 0/0
  5189 | D:5      | Found a sparkling altar of Nemelex Xobeh.
  5232 | D:5      | Found a shadowy altar of Dithmenos.
  6250 | D:6      | Identified the +8 plate armour of Fashionability {rF-
                  | Int+4}
  6350 | D:6      | Reached skill level 1 in Evocations
  6609 | D:6      | Reached skill level 1 in Armour
  6841 | D:6      | Found a transporter.
  6846 | D:6      | Noticed a komodo dragon
  6846 | D:6      | Noticed a red ugly thing
  6858 | D:6      | Found a hazy altar of Hepliaklqana.
  6859 | D:6      | Found a burning altar of Makhleb.
  6872 | D:6      | Found a transporter.
  7045 | D:7      | Found a staircase to the Ecumenical Temple.
  7051 | Temple   | Entered the Ecumenical Temple
  7209 | D:7      | Reached XP level 9. HP: 56/62 MP: 0/0
  7209 | D:7      | Learned a level 3 spell: Frozen Ramparts
  7995 | D:7      | Found a glowing golden altar of the Shining One.
  8094 | D:2      | Became a worshipper of Ashenzari the Shackled
  8526 | D:8      | Noticed a two-headed ogre
  8643 | D:8      | Noticed Erica
  8668 | D:8      | Killed Erica
  8669 | D:8      | Reached skill level 5 in Fighting
  8669 | D:8      | Reached skill level 5 in Axes
  8868 | D:8      | Found a sacrificial altar of Ru.
  8991 | D:8      | Killed a two-headed ogre
  8992 | D:8      | Reached XP level 10. HP: 31/72 MP: 0/0
  9269 | D:8      | Found a snail-covered altar of Cheibriados.
  9270 | D:8      | Found a stormy altar of Qazlal.
  9272 | D:8      | Found a basalt altar of Yredelemnul.
 10029 | D:9      | Found a flagged portal.
 10070 | D:9      | Noticed a two-headed ogre
 10086 | D:9      | HP: 3/73 [two-headed ogre/+0 giant club (9)]
 10086 | D:9      | Mangled by a two-headed ogre

Illustrated notes

Levels and vault maps discovered:
D:1:      ebering_trefoil_3fold, layout_basic, minmay_pentomino_s2
D:2:      layout_basic, nicolae_ashenzari_panopticon, general_overflow_altar,
          uniq_natasha, uniq_jessica, uniq_sigmund
D:3:      layout_basic, lemuel_crystal_altar
D:4:      layout_rooms, minmay_misc_feat_ornament, uniq_grinder
D:5:      minmay_goblin_kobold_castle, layout_basic, lemuel_doored_altar,
          okawaru_gym_becter, basic_altar, lightli_sewer_entry_pipes
D:6:      layout_basic, gammafunk_temple_overflow_arena
D:7:      layout_basic, tso_oasis_becter, minmay_temple_entry_butterflies
D:8:      layout_basic, nicolae_ru_sacrificial_ziggurat, minitemple, uniq_erica
D:9:      layout_long_grid, nicolae_dithmenos_the_darkroom,
          erik_lair_orcish_takeover, david_orc_5, enter_bailey_3, trog_wizard
Temple:   nicolae_temple_figure_zero

Skill      XL: |  1  2  3  4  5  6  7  8  9 10 |
---------------+-------------------------------+-----
Spellcasting   | 3 4 5 6 7 |  7.5
Fighting       | 1 2 4 5 6 |  6.5
Axes           | 1 2 3 6 7 |  7.3
Evocations     | 2 3 |  3.0
Armour         | 1 3 |  3.0
Dodging        | |  2.1
Stealth        | |  1.5

Action                   |  1- 3 |  4- 6 |  7- 9 | 10-12 || total
-------------------------+-------+-------+-------+-------++-------
Melee: Unarmed           |     1 |       |       |       ||     1
       Short sword       |     4 |    13 |       |       ||    17
       Hand axe          |       |     3 |   104 |    18 ||   125
 Cast: Foxfire           |    40 |    83 |   144 |    14 ||   281
       Inner Flame       |       |       |     5 |     8 ||    13
       Frozen Ramparts   |       |       |     5 |     4 ||     9
       Tukima's Dance    |       |       |     4 |     7 ||    11
       Ensorcelled Hiber |       |       |     1 |       ||     1
Invok: Curse Item        |       |       |       |     1 ||     1
Evoke: Wand              |       |       |       |     1 ||     1
 Stab: Sleeping          |       |       |     2 |       ||     2
Armor: Robe              |     4 |     4 |    34 |     4 ||    46
       Plate armour      |       |       |    15 |       ||    15
Dodge: Dodged            |    10 |    18 |    62 |    23 ||   113

Table legend: (Time is in decaauts)
 A = Elapsed time spent in this place.
 B = Non-inter-level travel time spent in this place.
 C = Inter-level travel time spent in this place.
 D = Time resting spent in this place.
 E = Time spent auto-exploring this place.
 F = Levels seen in this place.
 G = Mean time per level.
                   A        B        C        D        E       F      G
               +--------+--------+--------+--------+--------+-----+--------+
         Total |  10117 |   9711 |    406 |    835 |   7502 |  10 | 1011.7 |
       Dungeon |   9993 |   9597 |    396 |    835 |   7389 |   9 | 1110.3 |
        Temple |    123 |    113 |     10 |      0 |    113 |   1 |  123.0 |
               +--------+--------+--------+--------+--------+-----+--------+

Top non-repeatable levels by time:
     D:5: 1829 daAuts
     D:8: 1444 daAuts
     D:7: 1347 daAuts
     D:2: 1341 daAuts
     D:3: 1154 daAuts
     D:1: 1054 daAuts
     D:6: 976 daAuts
     D:4: 752 daAuts
  Temple: 123 daAuts
     D:9: 92 daAuts
